 Dungeon Sprint DCSS version 0.30-a0-341-g682706514a (webtiles) character file.

Game seed: 4831566564258659661

534 p00ps00p the Fighter (level 7, -2/57 HPs)
             Began as a Demonspawn Gladiator on Nov 4, 2022.
             Was a Follower of Hepliaklqana.
             Slain by a bog body (25 damage)
             ... in the Dungeon (Sprint VII: "The Pits").
             The game lasted 00:02:18 (447 turns).

p00ps00p the Fighter (Demonspawn Gladiator)          Turns: 447, Time: 00:02:19

Health: -2/57      AC: 12    Str: 16    XL:     7   Next: 4%
Magic:  7/7        EV: 10    Int:  9    God:    Hepliaklqana [*.....]
Gold:   0          SH:  0    Dex: 17    Spells: 6/6 levels left

rFire   . . .      SeeInvis .    l - +4 hand axe (vorpal)
rCold   . . .      Faith    .    (no shield)
rNeg    . . .      Spirit   .    m - +3 chain mail
rPois   .          Reflect  .    c - +0 helmet
rElec   .          Harm     .    (no cloak)
rCorr   .          Rampage  .    (no gloves)
Will    .....      NoTele   +    (no boots)
Stlth   ..........               (no amulet)
HPRegen 0.29/turn                (no ring)
MPRegen 0.10/turn                (no ring)

@: no status effects
A: reduced essence, thin skeletal structure 1, demonic magic 1
a: Renounce Religion, Recall Ancestor, Ancestor Identity


You were in the Dungeon.
You worshipped Hepliaklqana.
Hepliaklqana was aware of your devotion.
You visited 1 branch

Inventory:

Hand Weapons
 l - a +4 vorpal hand axe (weapon)
Missiles
 d - 3 throwing nets (quivered)
Armour
 c - a +0 helmet (worn)
 m - a +3 chain mail (worn)
Scrolls
 b - 5 scrolls of amnesia
 e - a scroll of summoning
 k - a scroll of blinking
Potions
 a - 2 potions of invisibility
 f - 6 potions of curing
 g - 5 potions of heal wounds
 h - a potion of haste
 i - 4 potions of magic
 j - 3 potions of berserk rage


   Skills:
 + Level 9.0 Fighting
 + Level 8.5 Axes
 - Level 1.7 Throwing
 + Level 8.5 Dodging


You had 6 spell levels left.
You didn't know any spells.
Your spell library was empty.

Dungeon Overview and Level Annotations

Branches:
Dungeon (1/1)

Altars:
Ashenzari
Cheibriados
Dithmenos
Fedhas
Gozag
Hepliaklqana
Kikubaaqudgha
Makhleb
Nemelex Xobeh
Okawaru
Qazlal
Ru
Sif Muna
Trog
Uskayaw
Vehumet
Wu Jian
Xom
Yredelemnul
Jiyva
Lugonu


Innate Abilities, Weirdness & Mutations

Your life essence is reduced to manifest your ancestor. (-10% HP)
You have a somewhat thin skeletal structure. (Dex +2, Stealth+)
Spells you cast may paralyse adjacent enemies.


Message History

Things that are here:
a +0 spear; a gnoll corpse
There is an open door, spattered with blood here.
Items here: ))) ††.
You start resting.
HP restored.
Things that are here:
a +0 whip; a +0 robe You open the door.
A sky beast comes into view.
You slash the sky beast!
The sky beast is moderately wounded.
The sky beast hits you. The sky beast shocks you.
You hit the sky beast.
The sky beast is severely wounded.
The sky beast hits you but does no damage.
You hit the sky beast.
The sky beast is almost dead.
The sky beast hits you but does no damage.
You miss the sky beast.
The sky beast is almost dead.
The sky beast barely misses you.
You hit the sky beast.
You kill the sky beast!
Your Fighting skill increases to level 9!
You have reached level 7!
There is an open door here.
You see here a sky beast corpse.
As you open the door, it creaks loudly!
Hepliaklqana forms a fragment of your life essence into the memory of your ancestor, Tiberius!
You can now recall your ancestor.
You can now remember your ancestor's identity.
A bog body comes into view.
You closely miss the bog body. The bog body casts a spell at you.
The bolt of cold hits you!!
You barely miss the bog body. You completely miss the bog body.
The bog body touches you! The bog body freezes you!!
You die...

#)#..#.)).[##.......#
#)###########.......#
#)).....# #########
#.###...# #.#.....#
#.#...#.#+#
#.....#.#.+
#...###.#n#
#.......R@#
###########


You could see the friendly Tiberius the ancestor and a bog body (ally target).

Vanquished Creatures
  Prince Ribbit (D)
  A floating eye (D)
  A sky beast (D)
  A necrophage (D)
  A gnoll bouda (D)
  7 gnolls (D)
  A worm (D)
  A ball python (D)
  2 endoplasms (D)
  A goblin (D)
  3 quokkas (D)
  A bat (D)
21 creatures vanquished.

Notes
Turn   | Place    | Note
-------+----------+-------------------------------------------
     0 | D        | p00ps00p the Demonspawn Gladiator began the quest for the
                  | Orb.
     0 | D        | Reached XP level 1. HP: 16/16 MP: 1/1
    38 | D        | Reached skill level 3 in Fighting
    38 | D        | Gained mutation: Spells you cast may paralyse adjacent
                  | enemies. [demonic ancestry]
    38 | D        | Reached XP level 2. HP: 11/24 MP: 2/2
   121 | D        | Noticed a floating eye
   124 | D        | Paralysed by a floating eye for 3 turns
   130 | D        | Killed a floating eye
   131 | D        | Reached skill level 5 in Fighting
   131 | D        | Reached skill level 5 in Axes
   131 | D        | Reached skill level 5 in Dodging
   131 | D        | Reached XP level 3. HP: 26/33 MP: 3/3
   131 | D        | Reached XP level 4. HP: 31/39 MP: 4/4
   234 | D        | Found a bloodstained altar of Trog.
   234 | D        | Found a shimmering blue altar of Sif Muna.
   234 | D        | Found a viscous altar of Jiyva.
   234 | D        | Found a hazy altar of Hepliaklqana.
   234 | D        | Found an opulent altar of Gozag.
   235 | D        | Found a basalt altar of Yredelemnul.
   235 | D        | Found a shimmering altar of Xom.
   235 | D        | Found an ornate altar of the Wu Jian Council.
   235 | D        | Found a sacrificial altar of Ru.
   235 | D        | Found a stormy altar of Qazlal.
   235 | D        | Found an iron altar of Okawaru.
   235 | D        | Found a sparkling altar of Nemelex Xobeh.
   235 | D        | Found a burning altar of Makhleb.
   235 | D        | Found a blossoming altar of Fedhas.
   235 | D        | Found a shadowy altar of Dithmenos.
   235 | D        | Found a snail-covered altar of Cheibriados.
   237 | D        | Found a radiant altar of Vehumet.
   237 | D        | Found a corrupted altar of Lugonu.
   238 | D        | Found a hide-covered altar of Uskayaw.
   238 | D        | Found an ancient bone altar of Kikubaaqudgha.
   238 | D        | Found a broken altar of Ashenzari.
   245 | D        | Became a worshipper of Hepliaklqana the Forgotten
   288 | D        | Reached skill level 6 in Fighting
   293 | D        | Gained mutation: You have a somewhat thin skeletal
                  | structure. (Dex +2, Stealth+) [demonic ancestry]
   293 | D        | Reached XP level 5. HP: 14/46 MP: 5/5
   298 | D        | Noticed Prince Ribbit
   317 | D        | Reached skill level 7 in Fighting
   317 | D        | Reached XP level 6. HP: 25/55 MP: 6/6
   323 | D        | Killed Prince Ribbit
   324 | D        | Reached skill level 8 in Fighting
   436 | D        | Noticed a sky beast
   441 | D        | Killed a sky beast
   442 | D        | Reached skill level 9 in Fighting
   442 | D        | Reached XP level 7. HP: 57/64 MP: 7/7
   444 | D        | Reached * piety under Hepliaklqana
   444 | D        | Noticed a bog body
   447 | D        | Slain by a bog body

Illustrated notes

Levels and vault maps discovered:
D:        pitsprint [storerooms_1, entrance_room_1, metal_vault_6, armoury_2,
          mini_pit_1, grid_room_1, main_hall_1, silver_pit, the_coven_1,
          the_vestibule_1, steel_vault_1, golden_pit, hallway_of_sentries,
          crystal_vault_4, iron_vault_5, final_vault]

Skill      XL: |  1  2  3  4  5  6 |
---------------+-------------------+-----
Axes           | 3 5 6 7 8 |  8.5
Dodging        | 3 5 6 7 8 |  8.5
Fighting       | 3 5 6 7 9 |  9.0
Throwing       | |  1.7

Action                   |  1- 3 |  4- 6 |  7- 9 || total
-------------------------+-------+-------+-------++-------
Melee: War axe           |    33 |     5 |       ||    38
       Hand axe          |       |    44 |     3 ||    47
       Punch             |       |     2 |       ||     2
  Use: Potion            |       |     1 |       ||     1
 Stab: Sleeping          |       |     1 |       ||     1
Armor: Leather armour    |     5 |       |       ||     5
       Chain mail        |       |    22 |       ||    22
Dodge: Dodged            |    28 |    30 |       ||    58

Table legend: (Time is in decaauts)
 A = Elapsed time spent in this place.
 B = Non-inter-level travel time spent in this place.
 C = Inter-level travel time spent in this place.
 D = Time resting spent in this place.
 E = Time spent auto-exploring this place.
 F = Levels seen in this place.
 G = Mean time per level.
                   A        B        C        D        E       F      G
               +--------+--------+--------+--------+--------+-----+--------+
         Total |    457 |    457 |      0 |    146 |    100 |   1 |  457.0 |
       Dungeon |    457 |    457 |      0 |    146 |    100 |   1 |  457.0 |
               +--------+--------+--------+--------+--------+-----+--------+

Top non-repeatable levels by time:
       D: 457 daAuts
